 Dungeon Crawl Stone Soup version 0.31-a0-145-g046c7d2549 (webtiles) character file.

Game seed: 16246132132209869959

1619 Dittersdorf the Shield-Bearer (level 8, -12/52 HPs)
             Began as a Gargoyle Fighter on June 5, 2023.
             Was a Priest of Okawaru.
             Killed from afar by a steam dragon (19 damage)
             ... with a ball of steam
             ... on level 7 of the Dungeon.
             The game lasted 00:06:47 (4942 turns).

Dittersdorf the Shield-Bearer (Gargoyle Fighter)    Turns: 4942, Time: 00:06:48

Health: -12/52     AC: 26    Str: 23    XL:     8   Next: 96%
Magic:  8/8        EV:  8    Int:  8    God:    Okawaru [***...]
Gold:   276        SH:  5    Dex:  9    Spells: 7/7 levels left

rFire   . . .        a - +0 flail
rCold   . . .        c - +0 buckler
rNeg    + . .        g - +0 chain mail
rPois   ∞            e - +0 helmet
rElec   +            b - +0 cloak
rCorr   .            (no gloves)
SInv    .            l - +2 pair of boots
Will    .....        m - amulet of faith Stlth
                     p - +4 ring of protection
HPRegen 0.28/turn    B - ring of wizardry
MPRegen 0.11/turn

%: faith, wizardry (x1)
@: no status effects
A: sickness immunity, AC +5, negative energy resistance 1, electricity
resistance, torment resistance 1, petrification resistance
a: Renounce Religion, Heroism


You were on level 7 of the Dungeon.
You worshipped Okawaru.
Okawaru was most pleased with you.
You visited 1 branch of the dungeon, and saw 7 of its levels.

You collected 276 gold pieces.

Inventory:

Hand Weapons
 a - a +0 flail (weapon)
Armour
 b - a +0 cloak (worn)
 c - a +0 buckler (worn)
 e - a +0 helmet (worn)
 g - a +0 chain mail (worn)
 l - a +2 pair of boots (worn)
 D - a +0 plate armour
Magical Staves
 y - a staff of earth
Jewellery
 m - an amulet of faith (around neck)
 p - a +4 ring of protection (left hand)
 B - a ring of wizardry (right hand)
 H - an amulet of guardian spirit
Wands
 v - a wand of roots (6)
Scrolls
 f - 2 scrolls of teleportation {unknown}
 i - 2 scrolls of blinking {unknown}
 j - 6 scrolls of identify {unknown}
 o - 2 scrolls of immolation {unknown}
 q - 3 scrolls of enchant armour {unknown}
 r - 2 scrolls of vulnerability {unknown}
 t - a scroll of acquirement {unknown}
 w - 2 scrolls of poison {unknown}
 C - a scroll of fog {unknown}
 E - 2 scrolls of fear {unknown}
 F - 2 scrolls of enchant weapon {unknown}
 G - a scroll of silence {unknown}
Potions
 d - 3 potions of might
 h - 4 potions of enlightenment {unknown}
 k - a potion of invisibility {unknown}
 s - 2 potions of curing {unknown}
 u - a potion of ambrosia {unknown}
 x - 2 potions of brilliance {unknown}
 z - 5 potions of heal wounds {unknown}
 A - 2 potions of cancellation {unknown}


   Skills:
 + Level 6.8 Fighting
 + Level 5.7 Maces & Flails
 + Level 6.8 Armour
 + Level 6.9 Shields


You had 7 spell levels left.
You didn't know any spells.
Your spell library contained the following spells:

 Spells                   Type           Power      Damage    Failure   Level
 Blink                    Tloc           0%         N/A       82%         2
 Lesser Beckoning         Tloc           0%         N/A       82%         2
 Momentum Strike          Conj/Tloc      0%         3d8       82%         2
 Vhi's Electric Charge    Tloc/Air       0%         N/A       95%         3
 Arcjolt                  Conj/Air       0%         1d10      100%        5
 Maxwell's Capacitive Co  Air            0%         ∞         100%        8


Dungeon Overview and Level Annotations

Branches:
Dungeon (7/15)
 Temple: D:4-7

Altars:
Ashenzari
Okawaru

Shops:
D:3 *   D:4 *[(?:


Innate Abilities, Weirdness & Mutations

You are immune to sickness and miasma.
Your stone body is resilient. (AC +5)
You are immune to poison.
You resist negative energy. (rN+)
You are resistant to electric shocks. (rElec)
You are resistant to unholy torment.
You are immune to petrification.


Message History

The wight hits you but does no damage. You block the wight's attack.
You hit the wight.
The wight is heavily damaged.
The wight hits you but does no damage.
You thump the wight!
You destroy the wight!
Okawaru accepts your kill.
Items here: ))) [ ÷.
There is a stone staircase leading down here.
You climb downwards.
The steam dragon breathes steam at you. The ball of steam hits you!!
There is a stone staircase leading up here.
You are engulfed in a cloud of scalding steam.
You block the steam dragon's attack.
The steam dragon claws you but does no damage.
You completely miss the steam dragon.
You are engulfed in a cloud of scalding steam.
The steam dragon bites you but does no damage.
You block the steam dragon's attack.
You hit the steam dragon but do no damage.
The steam dragon bites you but does no damage.
You block the steam dragon's attack.
You closely miss the steam dragon. The steam dragon breathes steam at you.
The ball of steam hits you.
You closely miss the steam dragon.
You are engulfed in a cloud of scalding steam.
The steam dragon barely misses you. The steam dragon completely misses you.
You closely miss the steam dragon.
You are engulfed in a cloud of scalding steam.
The steam dragon bites you but does no damage.
The steam dragon claws you but does no damage.
You block the steam dragon's attack. The steam dragon barely misses you.
You hit the steam dragon but do no damage.
You are engulfed in a cloud of scalding steam.
* * * LOW HITPOINT WARNING * * *
The steam dragon breathes steam at you. The ball of steam hits you!!
You die...

#..# #..#
#..# ##..#
#...# #...#
#..<# #.§)#
#..@# #.D.#
#......z..#
#.#(.......
#.#.......#
#.#....$..#
#.#........
#.......#
#........


You could see a steam dragon (catching breath).

Vanquished Creatures
  A hornet (D:6)
  A water moccasin (D:5)
  4 black bears
  An ice beast (D:6)
  A sky beast (D:6)
  Blork the orc (D:6)
  2 scorpions
  3 wights (D:6)
  3 hounds
  An orc priest (D:6)
  3 jellies
  A sleepcap (D:6)
  An iguana (D:5)
  Jessica (D:3)
  An orc wizard (D:6)
  6 adders
  An ufetubus (D:6)
  A dart slug (D:1)
  8 orcs
  7 endoplasms
  A giant cockroach (D:2)
  3 goblins
  5 hobgoblins
  6 kobolds
  4 quokkas
  8 ball pythons
  10 bats
  4 frilled lizards
  4 rats
93 creatures vanquished.

Vanquished Creatures (others)
  An orc (D:7)
1 creature vanquished.

Grand Total: 94 creatures vanquished

Notes
Turn   | Place    | Note
-------+----------+-------------------------------------------
     0 | D:1      | Dittersdorf the Gargoyle Fighter began the quest for the
                  | Orb.
     0 | D:1      | Reached XP level 1. HP: 14/14 MP: 1/1
    51 | D:1      | Found a faded altar of an unknown god.
    59 | D:1      | Reached XP level 2. HP: 19/19 MP: 2/2
   689 | D:2      | Reached XP level 3. HP: 23/23 MP: 3/3
   731 | D:2      | Found a broken altar of Ashenzari.
  1460 | D:2      | Reached XP level 4. HP: 29/29 MP: 4/4
  1861 | D:3      | Found Oroxao's Assorted Antiques.
  1966 | D:3      | Found an iron altar of Okawaru.
  1973 | D:3      | Became a worshipper of Warmaster Okawaru
  2193 | D:3      | Noticed Jessica
  2202 | D:3      | Killed Jessica
  2203 | D:3      | Reached XP level 5. HP: 33/33 MP: 5/5
  2356 | D:4      | Noticed a black bear
  2374 | D:4      | Killed a black bear
  2536 | D:4      | Noticed a black bear
  2547 | D:4      | Killed a black bear
  2547 | D:4      | Reached * piety under Okawaru
  2548 | D:4      | Reached XP level 6. HP: 32/39 MP: 6/6
  2572 | D:4      | Found Zofitarr's Magic Scroll Shop.
  2579 | D:4      | Found Efickuw's Weapon Emporium.
  2663 | D:4      | Noticed a black bear
  2676 | D:4      | Killed a black bear
  2677 | D:4      | Reached skill level 5 in Fighting
  2677 | D:4      | Reached skill level 5 in Armour
  2677 | D:4      | Reached skill level 5 in Shields
  2795 | D:4      | Found Suutoin's Assorted Antiques.
  3062 | D:4      | Found Orugops's Book Shop.
  3297 | D:4      | Reached XP level 7. HP: 31/44 MP: 7/7
  3405 | D:4      | Found Kuer's Antique Armour Shop.
  3520 | D:5      | Entered Level 5 of the Dungeon
  3960 | D:6      | Reached ** piety under Okawaru
  3988 | D:6      | Reached XP level 8. HP: 19/51 MP: 8/8
  4182 | D:6      | Noticed Blork the orc
  4203 | D:6      | Killed Blork the orc
  4254 | D:6      | Reached skill level 5 in Maces & Flails
  4597 | D:7      | Noticed a hornet
  4607 | D:6      | Reached *** piety under Okawaru
  4618 | D:6      | Killed a hornet
  4942 | D:7      | Killed from afar by a steam dragon

Illustrated notes

Levels and vault maps discovered:
D:1:      scummos_arrival_simple_fountains, layout_loops_cross,
          ebering_ecumenical_altar_sacrificial
D:2:      layout_basic, basic_altar, chequers_serial_rivers_micro_c,
          minmay_randomly_rotated_circles
D:3:      layout_loops_cross, okawaru_metal_pillars_1_2, serial_shops, shop,
          chequers_mini_garden, uniq_jessica
D:4:      layout_layer_cave, serial_shops, kennysheep_mini, shop,
          nicolae_shop_pleasant_corner_grove, shop, shop, kennysheep_path_1
D:5:      layout_rooms, nicolae_elevator_lobby_plus
D:6:      layout_rooms, uniq_blork_the_orc
D:7:      layout_loops_ring, minmay_temple_entry_mini_moons

Skill      XL: |  1  2  3  4  5  6  7  8 |
---------------+-------------------------+-----
Fighting       | 4 5 6 |  6.8
Armour         | 4 5 6 |  6.8
Shields        | 4 5 6 |  6.9
Maces & Flails | 3 4 5 |  5.7

Action                     |  1- 3 |  4- 6 |  7- 9 || total
---------------------------+-------+-------+-------++-------
  Melee: Flail             |   120 |   118 |   173 ||   411
 Invoke: Heroism           |       |       |     3 ||     3
 Armour: Scale mail        |    63 |   104 |    83 ||   250
         Chain mail        |       |       |    50 ||    50
  Dodge: Dodged            |    75 |    86 |    85 ||   246
  Block: Buckler           |    31 |    43 |    66 ||   140

Table legend: (Time is in decaauts)
 A = Elapsed time spent in this place.
 B = Non-inter-level travel time spent in this place.
 C = Inter-level travel time spent in this place.
 D = Time resting spent in this place.
 E = Time spent auto-exploring this place.
 F = Levels seen in this place.
 G = Mean time per level.
                   A        B        C        D        E       F      G
               +--------+--------+--------+--------+--------+-----+--------+
         Total |   5048 |   4789 |    259 |    517 |   3155 |   7 |  721.1 |
       Dungeon |   5048 |   4789 |    259 |    517 |   3155 |   7 |  721.1 |
               +--------+--------+--------+--------+--------+-----+--------+

Top non-repeatable levels by time:
     D:4: 1224 daAuts
     D:2: 1113 daAuts
     D:6: 981 daAuts
     D:1: 681 daAuts
     D:3: 584 daAuts
     D:5: 398 daAuts
     D:7: 64 daAuts
